Workbook
Name Auxiliar: #REF!
Name Auxiliar: #REF!
Name Auxiliar: #REF!
Name Auxiliar: #REF!
Name Auxiliar: #REF!
Name CUSTO_VALE_TRANSPORTE: #REF!
Name CUSTO_VALE_TRANSPORTE: #REF!
Name CUSTO_VALE_TRANSPORTE: #REF!
Name CUSTO_VALE_TRANSPORTE: #REF!
Name CUSTO_VALE_TRANSPORTE: #REF!
Name ecwece4c: #REF!
Name ecwece4c: #REF!
Name ecwece4c: #REF!
Name ecwece4c: #REF!
Name ecwece4c: #REF!
Name MOMB4: '[1]SERVENTE MANUTENCAO'!$I$144
Name MONA1: #REF!
Name MONA1: #REF!
Name MONA1: #REF!
Name MONA1: #REF!
Name MONA1: #REF!
Name MONA2: #REF!
Name MONA2: #REF!
Name MONA2: #REF!
Name MONA2: #REF!
Name MONA2: #REF!
Name MONA3: [2]HIDRAULICO!$I$138
Name MONA4: '[2]SERVENTE (AUX PRODUCAO)'!$I$138
Name MONA5: #REF!
Name MONA5: #REF!
Name MONA5: #REF!
Name MONA5: #REF!
Name MONA5: #REF!
Name MONA6: #REF!
Name MONA6: #REF!
Name MONA6: #REF!
Name MONA6: #REF!
Name MONA6: #REF!
Name MONA7: #REF!
Name MONA7: #REF!
Name MONA7: #REF!
Name MONA7: #REF!
Name MONA7: #REF!
Name MONA8: [2]MECANICO_REFRIGERACAO!$I$138
Name MONB1: #REF!
Name MONB1: #REF!
Name MONB1: #REF!
Name MONB1: #REF!
Name MONB1: #REF!
Name MONB2: #REF!
Name MONB2: #REF!
Name MONB2: #REF!
Name MONB2: #REF!
Name MONB2: #REF!
Name MONB3: [2]HIDRAULICO!$I$144
Name MONB4: '[2]SERVENTE (AUX PRODUCAO)'!$I$144
Name MONB5: #REF!
Name MONB5: #REF!
Name MONB5: #REF!
Name MONB5: #REF!

Sheet Limpeza POA SEM FERIADO
A1: PLANILHA DE CUSTOS E FORMAÇÃO DE PREÇOS DE SERVIÇOS CONTINUADOS COM DEDICAÇÃO EXCLUSIVA DE MÃO DE OBRA (ANEXO III - DECRETO 52.768 de 15.12.2015)
A2: PROCESSO: | C2: 25/2148-0000309-7 | E2: REGIME DE TRIBUTAÇÃO: LUCRO REAL
A3: LICITAÇÃO/EDITAL | E3: ABERTURA:
A5: Cargo/Função: | D5: Servente de Limpeza - Segunda a sexta, sem feriados | G5: =IF(D6="12x36","Regime de trabalho:","Quantidade de HORAS/MÊS") -> Quantidade de HORAS/MÊS | I5: =IF(D6="12x36",D6,5*D6) -> 200
A6: =IF(D6="12x36","Regime de trabalho:","Regime de trabalho (horas semanais):") -> Regime de trabalho (horas semanais): | D6: 40
A7: Convenção Coletiva de Trabalho: | D7: RS000040/2025 | G7: INSALUBRIDADE (10%, 20%, 40%) | I7: 0.4
A8: Origem do salário: | D8: CCT
A9: Cidade: | D9: Porto Alegre | G9: PERICULOSIDADE (30%) | I9: Não aplicável
A10: Salário Normativo | G10: Vlr. do salário e nº de horas correspondentes | H10: 220 | I10: 1653.58
A11: ISS | G11: =D9 -> Porto Alegre | H11: Alíquota | I11: 0.025
A12: Tarifa Transporte | G12: CCT | H12: Vr. Unitário | I12: 5
H13: Dias | I13: 22
H14: Desconto | I14: 0.06
A15: Auxílio Alimentação | G15: CCT | H15: Vr. Unitário | I15: 25.42
H16: Dias | I16: 22
H17: Desconto | I17: 0.19
A18: Auxílio Lanche | G18: CCT | H18: Vr. Unitário | I18: 0
H19: Dias | I19: 0
H20: Desconto | I20: 0
A21: Plano de benefício social familiar | G21: CCT | H21: Valor mensal | I21: 24.1
A25: Adicional de Supervisor (37%) | H25: Porcentagem | I25: Não aplicável
A26: Base de cálculo da insalubridade | H26: Valor | I26: =I39 -> 1503.2545
A27: Quantitativo de horas trabalhadas em feriados no mês (estimado) - Não aplicável para postos 12x36 | H27: Horas por mês | I27: Não aplicável
H28: Acréscimo da hora extra | I28: Não aplicável
A29: Hora Intervalar (somente para postos 12x36, quando for o caso) | H29: Horas por mês | I29: Não aplicável
A30: Sem fornecimento de materiais ou apenas fornecimento de EPIs ou uniformes, utilizar 10%. Com fornecimento de materiais ou equipamentos, utilizar 20%. (Decreto 52.768/2015, alterado pelo Decreto 53.424/2017) | H30: Porcentagem | I30: 0.2
I31: Não aplicável
A37: MONTANTE A
A38: I | B38: Remuneração - Grupo I | H38: % | I38: Valor Mensal/unidade de serviço (R$)
A39: 1 | B39: Salário | H39: =I39/$I$47 -> 0.71428571 | I39: =IF(D6="12x36",I10,I10/H10*I5) -> 1503.2545
A40: =A39+1 -> 2 | B40: Adicional Periculosidade 30% (Ver súmulas 364, 132 e 191 do TST) | H40: =I40/$I$47 -> 0 | I40: =IF(I9=30%,I39*I9,0) -> 0
A41: =A40+1 -> 3 | B41: Adicional Insalubridade 10% (Ver súmula 228 e 139 TST) | H41: =I41/$I$47 -> 0 | I41: =IF(I7=10%,I26*I7,0) -> 0
A42: =A41+1 -> 4 | B42: Adicional Insalubridade 20% (Ver súmula 228 e 139 TST) | H42: =I42/$I$47 -> 0 | I42: =IF(I7=20%,I26*I7,0) -> 0
A43: =A42+1 -> 5 | B43: Adicional Insalubridade 40% (Ver súmula 228 e 139 TST) | H43: =I43/$I$47 -> 0.28571429 | I43: =IF(I7=40%,I26*I7,0) -> 601.30182
A44: =A43+1 -> 6 | B44: Adicional de Supervisor (IN 05/2017 MPOG SLTI) | H44: =I44/$I$47 -> 0 | I44: =IF(I25="Não aplicável",0,I39*I25) -> 0
A45: =A44+1 -> 7 | B45: Feriados | H45: =I45/$I$47 -> 0 | I45: =IF(I27="Não aplicável",0,(I39+I40+I41+I42+I43+I44)/I5*I27*(1+I28)) -> 0
A46: =A45+1 -> 8 | B46: DSR = número total das horas extras do mês / número de dias úteis X domingos e feriados do mês X valor da hora extra com acréscimo | H46: =I46/$I$47 -> 0 | I46: =IF(I27="Não aplicável",0,I27/I13*5*(I10/H10*(1+I28))) -> 0
A47: Total de Remuneração | H47: =SUM(H39:H46) -> 1 | I47: =SUM(I39:I46) -> 2104.5564
A58: II | B58: Encargos Sociais - Grupo II: Obrigações Sociais | H58: % | I58: Valor Mensal/unidade de serviço (R$)
A59: 1 | B59: INSS (art. 22, inc. I, Lei nº 8.212/91) | H59: 0.2 | I59: =$I$47*H59 -> 420.91127
A60: 2 | B60: SESI ou SESC (art. 30, Lei nº 8.036/90) | H60: 0.015 | I60: =$I$47*H60 -> 31.568345
A61: 3 | B61: SENAI ou SENAC (Decreto-Lei nº 2.318/86) | H61: 0.01 | I61: =$I$47*H61 -> 21.045564
A62: 4 | B62: INCRA (art. 15I, Lei Complementar nº 011/71) | H62: 0.002 | I62: =$I$47*H62 -> 4.2091127
A63: 5 | B63: SALÁRIO EDUCAÇÃO (art. , inc. I, Decreto nº 87.043/82) | H63: 0.025 | I63: =$I$47*H63 -> 52.613909
A64: 6 | B64: FGTS (art. 15, Lei nº 8.036/90) | H64: 0.08 | I64: =$I$47*H64 -> 168.36451
A65: 7 | B65: SEG. ACIDENTE DO TRABALHO 1%, 2% e 3% (art. 22, inc. II, alíneas "b" e "c", da Lei nº 8.212/91) | H65: 0.03 | I65: =$I$47*H65 -> 63.136691
A66: 8 | B66: SEBRAE (§ 3º, art. 8º, Lei nº 8.029/90) | H66: 0.006 | I66: =$I$47*H66 -> 12.627338
A67: Total do Grupo II | H67: =SUM(H59:H66) -> 0.368 | I67: =SUM(I59:I66) -> 774.47674
A68: Os percentuais para o SAT podem variar de 0,50% a 6,00% em função do Fator de Acidente Previdenciário (FAP), Decreto nº 6.957/2009
A69: Deverá obrigatoriamente acompanhar a proposta de preços e a planilha de custos e formação de preços a prova do Fator Acidentário de Prevenção – FAP por meio de impressão de consulta ao site do Ministério da Previdência Social (que pode ser obtido no endereço eletrônico http://www2.dataprev.gov.br/fap/fap.htm), independentemente de alteração da alíquota da parcela do Seguro Acidente de Trabalho disposta no Quadro II da referida planilha.
A70: III | B70: Encargos Sociais - Grupo III: Tempo Não Trabalhado | H70: % | I70: Valor Mensal/unidade de serviço (R$)
A71: 1 | B71: FÉRIAS GOZADAS + ADICIONAL DE FÉRIAS | H71: 0.119314 | I71: =$I$47*H71 -> 251.10304
A72: 2 | B72: FALTAS ABONADAS (3) | H72: 0.020479 | I72: =$I$47*H72 -> 43.09921
A73: 3 | B73: FALTAS LEGAIS (4) | H73: 0.012123 | I73: =$I$47*H73 -> 25.513537
A74: 4 | B74: LICENÇA MATERNIDADE | H74: 0.011436 | I74: =$I$47*H74 -> 24.067707
A75: 5 | B75: LICENÇA PATERNIDADE | H75: 0.000174 | I75: =$I$47*H75 -> 0.36619281
A76: 6 | B76: ACIDENTE DE TRABALHO | H76: 0.000442 | I76: =$I$47*H76 -> 0.93021391
A77: 7 | B77: AVISO PRÉVIO TRABALHADO | H77: 0.000185 | I77: =$I$47*H77 -> 0.38934293
A78: 8 | B78: 13º SALÁRIO | H78: 0.09079 | I78: =$I$47*H78 -> 191.07267
A79: Total do Grupo III | H79: =SUM(H71:H78) -> 0.254943 | I79: =SUM(I71:I78) -> 536.54191
A80: (3) | B80: Faltas Justificadas por Auxílio Doença
A81: (4) | B81: Faltas Legais - Art. 473 CLT
A82: IV | B82: Encargos Sociais - Grupo IV: Indenizações | H82: % | I82: Valor Mensal/unidade de serviço (R$)
A83: 1 | B83: INDENIZAÇÕES | H83: 0.048321 | I83: =$I$47*H83 -> 101.69427
A84: 2 | B84: FGTS SOBRE INDENIZAÇÕES | H84: 0.003511 | I84: =$I$47*H84 -> 7.3890974
A85: 3 | B85: INDENIZAÇÃO COMPENSATÓRIA POR DEMISSÃO SEM JUSTA CAUSA | H85: 0.019328 | I85: =$I$47*H85 -> 40.676865
A86: Total do Grupo IV | H86: =SUM(H83:H85) -> 0.07116 | I86: =SUM(I83:I85) -> 149.76023
A88: V | B88: Encargos Sociais - Grupo V: Incidências | H88: % | I88: Valor Mensal/unidade de serviço (R$)
A89: 1 | B89: INCIDÊNCIA GRUPO II (Obrigações Sociais) X GRUPO III (Tempo Não Trabalhado) | H89: =(H67*H79) -> 0.093819024 | I89: =$I$47*H89 -> 197.44742
A90: Total do Grupo V | H90: =SUM(H89:H89) -> 0.093819024 | I90: =I89 -> 197.44742
A92: TOTAL DOS ENCARGOS SOCIAIS (II + III + IV + V) | H92: =H67+H79+H86+H90 -> 0.78792202 | I92: =I67+I79+I86+I90 -> 1658.2263
A94: VI | B94: Demais custos relativos à Norma Coletiva ou Disposições Legais - Grupo VI | H94: % | I94: Valor Mensal/unidade de serviço (R$)
A95: 1 | B95: Auxílio Alimentação | H95: =I95/$I$47 -> 0.21523985 | I95: =I113 -> 452.9844
A96: =A95+1 -> 2 | B96: Auxílio Lanche | H96: =I96/$I$47 -> 0 | I96: =I109 -> 0
A97: =A96+1 -> 3 | B97: Plano de Saúde | H97: =I97/$I$47 -> 0 | I97: 0
A98: =A97+1 -> 4 | B98: Vale-Transporte⁽⁵⁾ | H98: =I98/$I$47 -> 0.061677952 | I98: =I105 -> 129.80473
A99: =A98+1 -> 5 | B99: Adicional Intervalar | H99: =I99/$I$47 -> 0 | I99: =IF(I29="Não aplicável",0,((I10/H10)*1.5*I29)) -> 0
A100: =A99+1 -> 6 | B100: Outros | H100: =I100/$I$47 -> 0.011451345 | I100: =IF(I21="Não aplicável",0,I21) -> 24.1
A101: Total do Grupo VI | H101: =SUM(H95:H100) -> 0.28836915 | I101: =SUM(I95:I100) -> 606.88913
A102: (5) | B102: O valor do vale-transporte pode variar de acordo com o modal fornecido pelo empregador.
A103: MEMÓRIA DE CÁLCULO DO VALE TRANSPORTE
A104: Valor Unitário | C104: Dias de Trabalho | D104: Vale p/dia | E104: Custo total | F104: Base de cálculo | G104: Percentual de desconto | H104: Valor desconto | I104: Custo efetivo
A105: =IF(I12="Não aplicável",0,I12) -> 5 | C105: =IF(I13="Não aplicável",0,I13) -> 22 | D105: 2 | E105: =A105*C105*D105 -> 220 | F105: =I39 -> 1503.2545 | G105: =IF(I14="Não aplicável",0,I14) -> 0.06 | H105: =F105*G105 -> 90.195273 | I105: =IF((E105-H105)>0,E105-H105,0) -> 129.80473
A107: MEMÓRIA DE CÁLCULO DO VALE LANCHE
A108: Valor Unitário | C108: Dias por mês | D108: Vale p/dia | E108: Custo total | F108: Base de cálculo | G108: Percentual de desconto | H108: Valor desconto | I108: Custo efetivo
A109: =IF(I18="Não aplicável",0,I18) -> 0 | C109: =IF(I19="Não aplicável",0,I19) -> 0 | D109: 1 | E109: =A109*C109*D109 -> 0 | F109: =E109 -> 0 | G109: =IF(I20="Não aplicável",0,I20) -> 0 | H109: =F109*G109 -> 0 | I109: =E109-H109 -> 0
A111: MEMÓRIA DE CÁLCULO DO | F111: =A15 -> Auxílio Alimentação
A112: Valor Unitário | C112: Dias por mês | D112: Vale p/dia | E112: Custo total | F112: Base de cálculo | G112: Percentual de desconto | H112: =H104 -> Valor desconto | I112: Custo efetivo
A113: =IF(I15="Não aplicável",0,I15) -> 25.42 | C113: =IF(I16="Não aplicável",0,I16) -> 22 | D113: 1 | E113: =A113*C113*D113 -> 559.24 | F113: =E113 -> 559.24 | G113: =IF(I17="Não aplicável",0,I17) -> 0.19 | H113: =F113*G113 -> 106.2556 | I113: =E113-H113 -> 452.9844
A115: TOTAL DO MONTANTE A (I + II + III+ IV + V +VI) | H115: =H47+H92+H101 -> 2.0762912 | I115: =I47+I92+I101 -> 4369.6718
A117: MONTANTE B
A118: I | B118: Despesas Diretas | H118: % | I118: Valor Mensal/unidade de serviço (R$)
A119: 1 | B119: Transporte (6) | H119: =I119/$I$130 -> 0 | I119: 0
A120: 2 | B120: Uniformes/EPI (6a) | H120: =I120/$I$130 -> 0 | I120: =IF(F128=10%,G128,0) -> 0
A121: 3 | B121: Seguro de vida | H121: =I121/$I$130 -> 0 | I121: 0
A122: 4 | B122: Materiais/Equipamentos | H122: =I122/$I$130 -> 0 | I122: 0
A123: 5 | B123: Mobilização (7) | H123: =I123/$I$130 -> 0 | I123: 0
A124: 6 | B124: Outros (especificar) | H124: =I124/$I$130 -> 0 | I124: 0
A125: Total de Despesas Diretas | H125: =H119+H120+H121+H122+H123+H124 -> 0 | I125: =SUM(I119:I124) -> 0
B126: (6) Somente será preenchido quando o licitante fornecer transporte próprio, pagamento de combustível ou quando for necessário outro modal para transporte do funcionário (6a) EPI - Equipamento de Proteção Individual (7) Tais custos de mobilização não são renováveis, devendo ser eliminados após o primeiro ano de contrato caso haja prorrogação
...

Sheet Limpeza Poa seg-sex COM FERIADO
A1: PLANILHA DE CUSTOS E FORMAÇÃO DE PREÇOS DE SERVIÇOS CONTINUADOS COM DEDICAÇÃO EXCLUSIVA DE MÃO DE OBRA (ANEXO III - DECRETO 52.768 de 15.12.2015)
A2: PROCESSO: | C2: 25/2148-0000309-7 | E2: REGIME DE TRIBUTAÇÃO: LUCRO REAL
A3: LICITAÇÃO/EDITAL | E3: ABERTURA:
A5: Cargo/Função: | D5: Servente de Limpeza - Segunda a sexta, com feriados | G5: =IF(D6="12x36","Regime de trabalho:","Quantidade de HORAS/MÊS") -> Quantidade de HORAS/MÊS | I5: =IF(D6="12x36",D6,5*D6) -> 200
A6: =IF(D6="12x36","Regime de trabalho:","Regime de trabalho (horas semanais):") -> Regime de trabalho (horas semanais): | D6: 40
A7: Convenção Coletiva de Trabalho: | D7: RS000040/2025 | G7: INSALUBRIDADE (10%, 20%, 40%) | I7: 0.4
A8: Origem do salário: | D8: CCT
A9: Cidade: | D9: Porto Alegre | G9: PERICULOSIDADE (30%) | I9: Não aplicável
A10: Salário Normativo | G10: Vlr. do salário e nº de horas correspondentes | H10: 220 | I10: 1653.58
A11: ISS | G11: =D9 -> Porto Alegre | H11: Alíquota | I11: 0.025
A12: Tarifa Transporte | G12: CCT | H12: Vr. Unitário | I12: 5
H13: Dias | I13: 22
H14: Desconto | I14: 0.06
A15: Auxílio Alimentação | G15: CCT | H15: Vr. Unitário | I15: 25.42
H16: Dias | I16: 22
H17: Desconto | I17: 0.19
A18: Auxílio Lanche | G18: CCT | H18: Vr. Unitário | I18: 0
H19: Dias | I19: 0
H20: Desconto | I20: 0
A21: Plano de benefício social familiar | G21: CCT | H21: Valor mensal | I21: 24.1
A25: Adicional de Supervisor (37%) | H25: Porcentagem | I25: Não aplicável
A26: Base de cálculo da insalubridade | H26: Valor | I26: =I39 -> 1503.2545
A27: Quantitativo de horas trabalhadas em feriados no mês (estimado) - Não aplicável para postos 12x36 | H27: Horas por mês | I27: 8
H28: Acréscimo da hora extra | I28: 1
A29: Hora Intervalar (somente para postos 12x36, quando for o caso) | H29: Horas por mês | I29: Não aplicável
A30: Sem fornecimento de materiais ou apenas fornecimento de EPIs ou uniformes, utilizar 10%. Com fornecimento de materiais ou equipamentos, utilizar 20%. (Decreto 52.768/2015, alterado pelo Decreto 53.424/2017) | H30: Porcentagem | I30: 0.2
I31: Não aplicável
A37: MONTANTE A
A38: I | B38: Remuneração - Grupo I | H38: % | I38: Valor Mensal/unidade de serviço (R$)
A39: 1 | B39: Salário | H39: =I39/$I$47 -> 0.65351711 | I39: =IF(D6="12x36",I10,I10/H10*I5) -> 1503.2545
A40: =A39+1 -> 2 | B40: Adicional Periculosidade 30% (Ver súmulas 364, 132 e 191 do TST) | H40: =I40/$I$47 -> 0 | I40: =IF(I9=30%,I39*I9,0) -> 0
A41: =A40+1 -> 3 | B41: Adicional Insalubridade 10% (Ver súmula 228 e 139 TST) | H41: =I41/$I$47 -> 0 | I41: =IF(I7=10%,I26*I7,0) -> 0
A42: =A41+1 -> 4 | B42: Adicional Insalubridade 20% (Ver súmula 228 e 139 TST) | H42: =I42/$I$47 -> 0 | I42: =IF(I7=20%,I26*I7,0) -> 0
A43: =A42+1 -> 5 | B43: Adicional Insalubridade 40% (Ver súmula 228 e 139 TST) | H43: =I43/$I$47 -> 0.26140684 | I43: =IF(I7=40%,I26*I7,0) -> 601.30182
A44: =A43+1 -> 6 | B44: Adicional de Supervisor (IN 05/2017 MPOG SLTI) | H44: =I44/$I$47 -> 0 | I44: =IF(I25="Não aplicável",0,I39*I25) -> 0
A45: =A44+1 -> 7 | B45: Feriados | H45: =I45/$I$47 -> 0.073193916 | I45: =IF(I27="Não aplicável",0,(I39+I40+I41+I42+I43+I44)/I5*I27*(1+I28)) -> 168.36451
A46: =A45+1 -> 8 | B46: DSR = número total das horas extras do mês / número de dias úteis X domingos e feriados do mês X valor da hora extra com acréscimo | H46: =I46/$I$47 -> 0.011882129 | I46: =IF(I27="Não aplicável",0,I27/I13*5*(I10/H10*(1+I28))) -> 27.331901
A47: Total de Remuneração | H47: =SUM(H39:H46) -> 1 | I47: =SUM(I39:I46) -> 2300.2528
A58: II | B58: Encargos Sociais - Grupo II: Obrigações Sociais | H58: % | I58: Valor Mensal/unidade de serviço (R$)
A59: 1 | B59: INSS (art. 22, inc. I, Lei nº 8.212/91) | H59: 0.2 | I59: =$I$47*H59 -> 460.05055
A60: 2 | B60: SESI ou SESC (art. 30, Lei nº 8.036/90) | H60: 0.015 | I60: =$I$47*H60 -> 34.503792
A61: 3 | B61: SENAI ou SENAC (Decreto-Lei nº 2.318/86) | H61: 0.01 | I61: =$I$47*H61 -> 23.002528
A62: 4 | B62: INCRA (art. 15I, Lei Complementar nº 011/71) | H62: 0.002 | I62: =$I$47*H62 -> 4.6005055
A63: 5 | B63: SALÁRIO EDUCAÇÃO (art. , inc. I, Decreto nº 87.043/82) | H63: 0.025 | I63: =$I$47*H63 -> 57.506319
A64: 6 | B64: FGTS (art. 15, Lei nº 8.036/90) | H64: 0.08 | I64: =$I$47*H64 -> 184.02022
A65: 7 | B65: SEG. ACIDENTE DO TRABALHO 1%, 2% e 3% (art. 22, inc. II, alíneas "b" e "c", da Lei nº 8.212/91) | H65: 0.03 | I65: =$I$47*H65 -> 69.007583
A66: 8 | B66: SEBRAE (§ 3º, art. 8º, Lei nº 8.029/90) | H66: 0.006 | I66: =$I$47*H66 -> 13.801517
A67: Total do Grupo II | H67: =SUM(H59:H66) -> 0.368 | I67: =SUM(I59:I66) -> 846.49302
A68: Os percentuais para o SAT podem variar de 0,50% a 6,00% em função do Fator de Acidente Previdenciário (FAP), Decreto nº 6.957/2009
A69: Deverá obrigatoriamente acompanhar a proposta de preços e a planilha de custos e formação de preços a prova do Fator Acidentário de Prevenção – FAP por meio de impressão de consulta ao site do Ministério da Previdência Social (que pode ser obtido no endereço eletrônico http://www2.dataprev.gov.br/fap/fap.htm), independentemente de alteração da alíquota da parcela do Seguro Acidente de Trabalho disposta no Quadro II da referida planilha.
A70: III | B70: Encargos Sociais - Grupo III: Tempo Não Trabalhado | H70: % | I70: Valor Mensal/unidade de serviço (R$)
A71: 1 | B71: FÉRIAS GOZADAS + ADICIONAL DE FÉRIAS | H71: 0.119314 | I71: =$I$47*H71 -> 274.45236
A72: 2 | B72: FALTAS ABONADAS (3) | H72: 0.020479 | I72: =$I$47*H72 -> 47.106877
A73: 3 | B73: FALTAS LEGAIS (4) | H73: 0.012123 | I73: =$I$47*H73 -> 27.885964
A74: 4 | B74: LICENÇA MATERNIDADE | H74: 0.011436 | I74: =$I$47*H74 -> 26.305691
A75: 5 | B75: LICENÇA PATERNIDADE | H75: 0.000174 | I75: =$I$47*H75 -> 0.40024398
A76: 6 | B76: ACIDENTE DE TRABALHO | H76: 0.000442 | I76: =$I$47*H76 -> 1.0167117
A77: 7 | B77: AVISO PRÉVIO TRABALHADO | H77: 0.000185 | I77: =$I$47*H77 -> 0.42554676
A78: 8 | B78: 13º SALÁRIO | H78: 0.09079 | I78: =$I$47*H78 -> 208.83995
A79: Total do Grupo III | H79: =SUM(H71:H78) -> 0.254943 | I79: =SUM(I71:I78) -> 586.43334
A80: (3) | B80: Faltas Justificadas por Auxílio Doença
A81: (4) | B81: Faltas Legais - Art. 473 CLT
A82: IV | B82: Encargos Sociais - Grupo IV: Indenizações | H82: % | I82: Valor Mensal/unidade de serviço (R$)
A83: 1 | B83: INDENIZAÇÕES | H83: 0.048321 | I83: =$I$47*H83 -> 111.15051
A84: 2 | B84: FGTS SOBRE INDENIZAÇÕES | H84: 0.003511 | I84: =$I$47*H84 -> 8.0761875
A85: 3 | B85: INDENIZAÇÃO COMPENSATÓRIA POR DEMISSÃO SEM JUSTA CAUSA | H85: 0.019328 | I85: =$I$47*H85 -> 44.459286
A86: Total do Grupo IV | H86: =SUM(H83:H85) -> 0.07116 | I86: =SUM(I83:I85) -> 163.68599
A88: V | B88: Encargos Sociais - Grupo V: Incidências | H88: % | I88: Valor Mensal/unidade de serviço (R$)
A89: 1 | B89: INCIDÊNCIA GRUPO II (Obrigações Sociais) X GRUPO III (Tempo Não Trabalhado) | H89: =(H67*H79) -> 0.093819024 | I89: =$I$47*H89 -> 215.80747
A90: Total do Grupo V | H90: =SUM(H89:H89) -> 0.093819024 | I90: =I89 -> 215.80747
A92: TOTAL DOS ENCARGOS SOCIAIS (II + III + IV + V) | H92: =H67+H79+H86+H90 -> 0.78792202 | I92: =I67+I79+I86+I90 -> 1812.4198
A94: VI | B94: Demais custos relativos à Norma Coletiva ou Disposições Legais - Grupo VI | H94: % | I94: Valor Mensal/unidade de serviço (R$)
A95: 1 | B95: Auxílio Alimentação | H95: =I95/$I$47 -> 0.1969281 | I95: =I113 -> 452.9844
A96: =A95+1 -> 2 | B96: Auxílio Lanche | H96: =I96/$I$47 -> 0 | I96: =I109 -> 0
A97: =A96+1 -> 3 | B97: Plano de Saúde | H97: =I97/$I$47 -> 0 | I97: 0
A98: =A97+1 -> 4 | B98: Vale-Transporte⁽⁵⁾ | H98: =I98/$I$47 -> 0.056430636 | I98: =I105 -> 129.80473
A99: =A98+1 -> 5 | B99: Adicional Intervalar | H99: =I99/$I$47 -> 0 | I99: =IF(I29="Não aplicável",0,((I10/H10)*1.5*I29)) -> 0
A100: =A99+1 -> 6 | B100: Outros | H100: =I100/$I$47 -> 0.010477109 | I100: =IF(I21="Não aplicável",0,I21) -> 24.1
A101: Total do Grupo VI | H101: =SUM(H95:H100) -> 0.26383584 | I101: =SUM(I95:I100) -> 606.88913
A102: (5) | B102: O valor do vale-transporte pode variar de acordo com o modal fornecido pelo empregador.
A103: MEMÓRIA DE CÁLCULO DO VALE TRANSPORTE
A104: Valor Unitário | C104: Dias de Trabalho | D104: Vale p/dia | E104: Custo total | F104: Base de cálculo | G104: Percentual de desconto | H104: Valor desconto | I104: Custo efetivo
A105: =IF(I12="Não aplicável",0,I12) -> 5 | C105: =IF(I13="Não aplicável",0,I13) -> 22 | D105: 2 | E105: =A105*C105*D105 -> 220 | F105: =I39 -> 1503.2545 | G105: =IF(I14="Não aplicável",0,I14) -> 0.06 | H105: =F105*G105 -> 90.195273 | I105: =IF((E105-H105)>0,E105-H105,0) -> 129.80473
A107: MEMÓRIA DE CÁLCULO DO VALE LANCHE
A108: Valor Unitário | C108: Dias por mês | D108: Vale p/dia | E108: Custo total | F108: Base de cálculo | G108: Percentual de desconto | H108: Valor desconto | I108: Custo efetivo
A109: =IF(I18="Não aplicável",0,I18) -> 0 | C109: =IF(I19="Não aplicável",0,I19) -> 0 | D109: 1 | E109: =A109*C109*D109 -> 0 | F109: =E109 -> 0 | G109: =IF(I20="Não aplicável",0,I20) -> 0 | H109: =F109*G109 -> 0 | I109: =E109-H109 -> 0
A111: MEMÓRIA DE CÁLCULO DO | F111: =A15 -> Auxílio Alimentação
A112: Valor Unitário | C112: Dias por mês | D112: Vale p/dia | E112: Custo total | F112: Base de cálculo | G112: Percentual de desconto | H112: =H104 -> Valor desconto | I112: Custo efetivo
A113: =IF(I15="Não aplicável",0,I15) -> 25.42 | C113: =IF(I16="Não aplicável",0,I16) -> 22 | D113: 1 | E113: =A113*C113*D113 -> 559.24 | F113: =E113 -> 559.24 | G113: =IF(I17="Não aplicável",0,I17) -> 0.19 | H113: =F113*G113 -> 106.2556 | I113: =E113-H113 -> 452.9844
A115: TOTAL DO MONTANTE A (I + II + III+ IV + V +VI) | H115: =H47+H92+H101 -> 2.0517579 | I115: =I47+I92+I101 -> 4719.5617
A117: MONTANTE B
A118: I | B118: Despesas Diretas | H118: % | I118: Valor Mensal/unidade de serviço (R$)
A119: 1 | B119: Transporte (6) | H119: =I119/$I$130 -> 0 | I119: 0
A120: 2 | B120: Uniformes/EPI (6a) | H120: =I120/$I$130 -> 0 | I120: =IF(F128=10%,G128,0) -> 0
A121: 3 | B121: Seguro de vida | H121: =I121/$I$130 -> 0 | I121: 0
A122: 4 | B122: Materiais/Equipamentos | H122: =I122/$I$130 -> 0 | I122: 0
A123: 5 | B123: Mobilização (7) | H123: =I123/$I$130 -> 0 | I123: 0
A124: 6 | B124: Outros (especificar) | H124: =I124/$I$130 -> 0 | I124: 0
A125: Total de Despesas Diretas | H125: =H119+H120+H121+H122+H123+H124 -> 0 | I125: =SUM(I119:I124) -> 0
B126: (6) Somente será preenchido quando o licitante fornecer transporte próprio, pagamento de combustível ou quando for necessário outro modal para transporte do funcionário (6a) EPI - Equipamento de Proteção Individual (7) Tais custos de mobilização não são renováveis, devendo ser eliminados após o primeiro ano de contrato caso haja prorrogação
...

Sheet Taquari seg-sex COM FERIADO
A1: PLANILHA DE CUSTOS E FORMAÇÃO DE PREÇOS DE SERVIÇOS CONTINUADOS COM DEDICAÇÃO EXCLUSIVA DE MÃO DE OBRA (ANEXO III - DECRETO 52.768 de 15.12.2015)
A2: PROCESSO: | C2: 25/2148-0000309-7 | E2: REGIME DE TRIBUTAÇÃO: LUCRO REAL
A3: LICITAÇÃO/EDITAL | E3: ABERTURA:
A5: Cargo/Função: | D5: Servente de Limpeza - Segunda a sexta, com feriados | G5: =IF(D6="12x36","Regime de trabalho:","Quantidade de HORAS/MÊS") -> Quantidade de HORAS/MÊS | I5: =IF(D6="12x36",D6,5*D6) -> 200
A6: =IF(D6="12x36","Regime de trabalho:","Regime de trabalho (horas semanais):") -> Regime de trabalho (horas semanais): | D6: 40
A7: Convenção Coletiva de Trabalho: | D7: RS000042/2025 | G7: INSALUBRIDADE (10%, 20%, 40%) | I7: 0.4
A8: Origem do salário: | D8: CCT
A9: Cidade: | D9: Taquari | G9: PERICULOSIDADE (30%) | I9: Não aplicável
A10: Salário Normativo | G10: Vlr. do salário e nº de horas correspondentes | H10: 220 | I10: 1653.58
A11: ISS | G11: =D9 -> Taquari | H11: Alíquota | I11: 0.02
A12: Tarifa Transporte | G12: CCT | H12: Vr. Unitário | I12: 4.8
H13: Dias | I13: 22
H14: Desconto | I14: 0.06
A15: Auxílio Alimentação | G15: CCT | H15: Vr. Unitário | I15: 25.42
H16: Dias | I16: 22
H17: Desconto | I17: 0.19
A18: Auxílio Lanche | G18: CCT | H18: Vr. Unitário | I18: 0
H19: Dias | I19: 0
H20: Desconto | I20: 0
A21: Plano de benefício social familiar | G21: CCT | H21: Valor mensal | I21: 24.1
A25: Adicional de Supervisor (37%) | H25: Porcentagem | I25: Não aplicável
A26: Base de cálculo da insalubridade | H26: Valor | I26: =I39 -> 1503.2545
A27: Quantitativo de horas trabalhadas em feriados no mês (estimado) - Não aplicável para postos 12x36 | H27: Horas por mês | I27: 8
H28: Acréscimo da hora extra | I28: 1
A29: Hora Intervalar (somente para postos 12x36, quando for o caso) | H29: Horas por mês | I29: Não aplicável
A30: Sem fornecimento de materiais ou apenas fornecimento de EPIs ou uniformes, utilizar 10%. Com fornecimento de materiais ou equipamentos, utilizar 20%. (Decreto 52.768/2015, alterado pelo Decreto 53.424/2017) | H30: Porcentagem | I30: 0.2
I31: Não aplicável
A37: MONTANTE A
A38: I | B38: Remuneração - Grupo I | H38: % | I38: Valor Mensal/unidade de serviço (R$)
A39: 1 | B39: Salário | H39: =I39/$I$47 -> 0.65351711 | I39: =IF(D6="12x36",I10,I10/H10*I5) -> 1503.2545
A40: =A39+1 -> 2 | B40: Adicional Periculosidade 30% (Ver súmulas 364, 132 e 191 do TST) | H40: =I40/$I$47 -> 0 | I40: =IF(I9=30%,I39*I9,0) -> 0
A41: =A40+1 -> 3 | B41: Adicional Insalubridade 10% (Ver súmula 228 e 139 TST) | H41: =I41/$I$47 -> 0 | I41: =IF(I7=10%,I26*I7,0) -> 0
A42: =A41+1 -> 4 | B42: Adicional Insalubridade 20% (Ver súmula 228 e 139 TST) | H42: =I42/$I$47 -> 0 | I42: =IF(I7=20%,I26*I7,0) -> 0
A43: =A42+1 -> 5 | B43: Adicional Insalubridade 40% (Ver súmula 228 e 139 TST) | H43: =I43/$I$47 -> 0.26140684 | I43: =IF(I7=40%,I26*I7,0) -> 601.30182
A44: =A43+1 -> 6 | B44: Adicional de Supervisor (IN 05/2017 MPOG SLTI) | H44: =I44/$I$47 -> 0 | I44: =IF(I25="Não aplicável",0,I39*I25) -> 0
A45: =A44+1 -> 7 | B45: Feriados | H45: =I45/$I$47 -> 0.073193916 | I45: =IF(I27="Não aplicável",0,(I39+I40+I41+I42+I43+I44)/I5*I27*(1+I28)) -> 168.36451
A46: =A45+1 -> 8 | B46: DSR = número total das horas extras do mês / número de dias úteis X domingos e feriados do mês X valor da hora extra com acréscimo | H46: =I46/$I$47 -> 0.011882129 | I46: =IF(I27="Não aplicável",0,I27/I13*5*(I10/H10*(1+I28))) -> 27.331901
A47: Total de Remuneração | H47: =SUM(H39:H46) -> 1 | I47: =SUM(I39:I46) -> 2300.2528
A58: II | B58: Encargos Sociais - Grupo II: Obrigações Sociais | H58: % | I58: Valor Mensal/unidade de serviço (R$)
A59: 1 | B59: INSS (art. 22, inc. I, Lei nº 8.212/91) | H59: 0.2 | I59: =$I$47*H59 -> 460.05055
A60: 2 | B60: SESI ou SESC (art. 30, Lei nº 8.036/90) | H60: 0.015 | I60: =$I$47*H60 -> 34.503792
A61: 3 | B61: SENAI ou SENAC (Decreto-Lei nº 2.318/86) | H61: 0.01 | I61: =$I$47*H61 -> 23.002528
A62: 4 | B62: INCRA (art. 15I, Lei Complementar nº 011/71) | H62: 0.002 | I62: =$I$47*H62 -> 4.6005055
A63: 5 | B63: SALÁRIO EDUCAÇÃO (art. , inc. I, Decreto nº 87.043/82) | H63: 0.025 | I63: =$I$47*H63 -> 57.506319
A64: 6 | B64: FGTS (art. 15, Lei nº 8.036/90) | H64: 0.08 | I64: =$I$47*H64 -> 184.02022
A65: 7 | B65: SEG. ACIDENTE DO TRABALHO 1%, 2% e 3% (art. 22, inc. II, alíneas "b" e "c", da Lei nº 8.212/91) | H65: 0.03 | I65: =$I$47*H65 -> 69.007583
A66: 8 | B66: SEBRAE (§ 3º, art. 8º, Lei nº 8.029/90) | H66: 0.006 | I66: =$I$47*H66 -> 13.801517
A67: Total do Grupo II | H67: =SUM(H59:H66) -> 0.368 | I67: =SUM(I59:I66) -> 846.49302
A68: Os percentuais para o SAT podem variar de 0,50% a 6,00% em função do Fator de Acidente Previdenciário (FAP), Decreto nº 6.957/2009
A69: Deverá obrigatoriamente acompanhar a proposta de preços e a planilha de custos e formação de preços a prova do Fator Acidentário de Prevenção – FAP por meio de impressão de consulta ao site do Ministério da Previdência Social (que pode ser obtido no endereço eletrônico http://www2.dataprev.gov.br/fap/fap.htm), independentemente de alteração da alíquota da parcela do Seguro Acidente de Trabalho disposta no Quadro II da referida planilha.
A70: III | B70: Encargos Sociais - Grupo III: Tempo Não Trabalhado | H70: % | I70: Valor Mensal/unidade de serviço (R$)
A71: 1 | B71: FÉRIAS GOZADAS + ADICIONAL DE FÉRIAS | H71: 0.119314 | I71: =$I$47*H71 -> 274.45236
A72: 2 | B72: FALTAS ABONADAS (3) | H72: 0.020479 | I72: =$I$47*H72 -> 47.106877
A73: 3 | B73: FALTAS LEGAIS (4) | H73: 0.012123 | I73: =$I$47*H73 -> 27.885964
A74: 4 | B74: LICENÇA MATERNIDADE | H74: 0.011436 | I74: =$I$47*H74 -> 26.305691
A75: 5 | B75: LICENÇA PATERNIDADE | H75: 0.000174 | I75: =$I$47*H75 -> 0.40024398
A76: 6 | B76: ACIDENTE DE TRABALHO | H76: 0.000442 | I76: =$I$47*H76 -> 1.0167117
A77: 7 | B77: AVISO PRÉVIO TRABALHADO | H77: 0.000185 | I77: =$I$47*H77 -> 0.42554676
A78: 8 | B78: 13º SALÁRIO | H78: 0.09079 | I78: =$I$47*H78 -> 208.83995
A79: Total do Grupo III | H79: =SUM(H71:H78) -> 0.254943 | I79: =SUM(I71:I78) -> 586.43334
A80: (3) | B80: Faltas Justificadas por Auxílio Doença
A81: (4) | B81: Faltas Legais - Art. 473 CLT
A82: IV | B82: Encargos Sociais - Grupo IV: Indenizações | H82: % | I82: Valor Mensal/unidade de serviço (R$)
A83: 1 | B83: INDENIZAÇÕES | H83: 0.048321 | I83: =$I$47*H83 -> 111.15051
A84: 2 | B84: FGTS SOBRE INDENIZAÇÕES | H84: 0.003511 | I84: =$I$47*H84 -> 8.0761875
A85: 3 | B85: INDENIZAÇÃO COMPENSATÓRIA POR DEMISSÃO SEM JUSTA CAUSA | H85: 0.019328 | I85: =$I$47*H85 -> 44.459286
A86: Total do Grupo IV | H86: =SUM(H83:H85) -> 0.07116 | I86: =SUM(I83:I85) -> 163.68599
A88: V | B88: Encargos Sociais - Grupo V: Incidências | H88: % | I88: Valor Mensal/unidade de serviço (R$)
A89: 1 | B89: INCIDÊNCIA GRUPO II (Obrigações Sociais) X GRUPO III (Tempo Não Trabalhado) | H89: =(H67*H79) -> 0.093819024 | I89: =$I$47*H89 -> 215.80747
A90: Total do Grupo V | H90: =SUM(H89:H89) -> 0.093819024 | I90: =I89 -> 215.80747
A92: TOTAL DOS ENCARGOS SOCIAIS (II + III + IV + V) | H92: =H67+H79+H86+H90 -> 0.78792202 | I92: =I67+I79+I86+I90 -> 1812.4198
A94: VI | B94: Demais custos relativos à Norma Coletiva ou Disposições Legais - Grupo VI | H94: % | I94: Valor Mensal/unidade de serviço (R$)
A95: 1 | B95: Auxílio Alimentação | H95: =I95/$I$47 -> 0.1969281 | I95: =I113 -> 452.9844
A96: =A95+1 -> 2 | B96: Auxílio Lanche | H96: =I96/$I$47 -> 0 | I96: =I109 -> 0
A97: =A96+1 -> 3 | B97: Plano de Saúde | H97: =I97/$I$47 -> 0 | I97: 0
A98: =A97+1 -> 4 | B98: Vale-Transporte⁽⁵⁾ | H98: =I98/$I$47 -> 0.05260497 | I98: =I105 -> 121.00473
A99: =A98+1 -> 5 | B99: Adicional Intervalar | H99: =I99/$I$47 -> 0 | I99: =IF(I29="Não aplicável",0,((I10/H10)*1.5*I29)) -> 0
A100: =A99+1 -> 6 | B100: Outros | H100: =I100/$I$47 -> 0.010477109 | I100: =IF(I21="Não aplicável",0,I21) -> 24.1
A101: Total do Grupo VI | H101: =SUM(H95:H100) -> 0.26001018 | I101: =SUM(I95:I100) -> 598.08913
A102: (5) | B102: O valor do vale-transporte pode variar de acordo com o modal fornecido pelo empregador.
A103: MEMÓRIA DE CÁLCULO DO VALE TRANSPORTE
A104: Valor Unitário | C104: Dias de Trabalho | D104: Vale p/dia | E104: Custo total | F104: Base de cálculo | G104: Percentual de desconto | H104: Valor desconto | I104: Custo efetivo
A105: =IF(I12="Não aplicável",0,I12) -> 4.8 | C105: =IF(I13="Não aplicável",0,I13) -> 22 | D105: 2 | E105: =A105*C105*D105 -> 211.2 | F105: =I39 -> 1503.2545 | G105: =IF(I14="Não aplicável",0,I14) -> 0.06 | H105: =F105*G105 -> 90.195273 | I105: =IF((E105-H105)>0,E105-H105,0) -> 121.00473
A107: MEMÓRIA DE CÁLCULO DO VALE LANCHE
A108: Valor Unitário | C108: Dias por mês | D108: Vale p/dia | E108: Custo total | F108: Base de cálculo | G108: Percentual de desconto | H108: Valor desconto | I108: Custo efetivo
A109: =IF(I18="Não aplicável",0,I18) -> 0 | C109: =IF(I19="Não aplicável",0,I19) -> 0 | D109: 1 | E109: =A109*C109*D109 -> 0 | F109: =E109 -> 0 | G109: =IF(I20="Não aplicável",0,I20) -> 0 | H109: =F109*G109 -> 0 | I109: =E109-H109 -> 0
A111: MEMÓRIA DE CÁLCULO DO | F111: =A15 -> Auxílio Alimentação
A112: Valor Unitário | C112: Dias por mês | D112: Vale p/dia | E112: Custo total | F112: Base de cálculo | G112: Percentual de desconto | H112: =H104 -> Valor desconto | I112: Custo efetivo
A113: =IF(I15="Não aplicável",0,I15) -> 25.42 | C113: =IF(I16="Não aplicável",0,I16) -> 22 | D113: 1 | E113: =A113*C113*D113 -> 559.24 | F113: =E113 -> 559.24 | G113: =IF(I17="Não aplicável",0,I17) -> 0.19 | H113: =F113*G113 -> 106.2556 | I113: =E113-H113 -> 452.9844
A115: TOTAL DO MONTANTE A (I + II + III+ IV + V +VI) | H115: =H47+H92+H101 -> 2.0479322 | I115: =I47+I92+I101 -> 4710.7617
A117: MONTANTE B
A118: I | B118: Despesas Diretas | H118: % | I118: Valor Mensal/unidade de serviço (R$)
A119: 1 | B119: Transporte (6) | H119: =I119/$I$130 -> 0 | I119: 0
A120: 2 | B120: Uniformes/EPI (6a) | H120: =I120/$I$130 -> 0 | I120: =IF(F128=10%,G128,0) -> 0
A121: 3 | B121: Seguro de vida | H121: =I121/$I$130 -> 0 | I121: 0
A122: 4 | B122: Materiais/Equipamentos | H122: =I122/$I$130 -> 0 | I122: 0
A123: 5 | B123: Mobilização (7) | H123: =I123/$I$130 -> 0 | I123: 0
A124: 6 | B124: Outros (especificar) | H124: =I124/$I$130 -> 0 | I124: 0
A125: Total de Despesas Diretas | H125: =H119+H120+H121+H122+H123+H124 -> 0 | I125: =SUM(I119:I124) -> 0
B126: (6) Somente será preenchido quando o licitante fornecer transporte próprio, pagamento de combustível ou quando for necessário outro modal para transporte do funcionário (6a) EPI - Equipamento de Proteção Individual (7) Tais custos de mobilização não são renováveis, devendo ser eliminados após o primeiro ano de contrato caso haja prorrogação
...

Sheet Taquari seg-sex SEM FERIADO
A1: PLANILHA DE CUSTOS E FORMAÇÃO DE PREÇOS DE SERVIÇOS CONTINUADOS COM DEDICAÇÃO EXCLUSIVA DE MÃO DE OBRA (ANEXO III - DECRETO 52.768 de 15.12.2015)
A2: PROCESSO: | C2: 25/2148-0000309-7 | E2: REGIME DE TRIBUTAÇÃO: LUCRO REAL
A3: LICITAÇÃO/EDITAL | E3: ABERTURA:
A5: Cargo/Função: | D5: Servente de Limpeza - Segunda a sexta, sem feriados | G5: =IF(D6="12x36","Regime de trabalho:","Quantidade de HORAS/MÊS") -> Quantidade de HORAS/MÊS | I5: =IF(D6="12x36",D6,5*D6) -> 200
A6: =IF(D6="12x36","Regime de trabalho:","Regime de trabalho (horas semanais):") -> Regime de trabalho (horas semanais): | D6: 40
A7: Convenção Coletiva de Trabalho: | D7: RS000042/2025 | G7: INSALUBRIDADE (10%, 20%, 40%) | I7: 0.4
A8: Origem do salário: | D8: CCT
A9: Cidade: | D9: Taquari | G9: PERICULOSIDADE (30%) | I9: Não aplicável
A10: Salário Normativo | G10: Vlr. do salário e nº de horas correspondentes | H10: 220 | I10: 1653.58
A11: ISS | G11: =D9 -> Taquari | H11: Alíquota | I11: 0.02
A12: Tarifa Transporte | G12: CCT | H12: Vr. Unitário | I12: 4.8
H13: Dias | I13: 22
H14: Desconto | I14: 0.06
A15: Auxílio Alimentação | G15: CCT | H15: Vr. Unitário | I15: 25.42
H16: Dias | I16: 22
H17: Desconto | I17: 0.19
A18: Auxílio Lanche | G18: CCT | H18: Vr. Unitário | I18: 0
H19: Dias | I19: 0
H20: Desconto | I20: 0
A21: Plano de benefício social familiar | G21: CCT | H21: Valor mensal | I21: 24.1
A25: Adicional de Supervisor (37%) | H25: Porcentagem | I25: Não aplicável
A26: Base de cálculo da insalubridade | H26: Valor | I26: =I39 -> 1503.2545
A27: Quantitativo de horas trabalhadas em feriados no mês (estimado) - Não aplicável para postos 12x36 | H27: Horas por mês | I27: Não aplicável
H28: Acréscimo da hora extra | I28: Não aplicável
A29: Hora Intervalar (somente para postos 12x36, quando for o caso) | H29: Horas por mês | I29: Não aplicável
A30: Sem fornecimento de materiais ou apenas fornecimento de EPIs ou uniformes, utilizar 10%. Com fornecimento de materiais ou equipamentos, utilizar 20%. (Decreto 52.768/2015, alterado pelo Decreto 53.424/2017) | H30: Porcentagem | I30: 0.2
I31: Não aplicável
A37: MONTANTE A
A38: I | B38: Remuneração - Grupo I | H38: % | I38: Valor Mensal/unidade de serviço (R$)
A39: 1 | B39: Salário | H39: =I39/$I$47 -> 0.71428571 | I39: =IF(D6="12x36",I10,I10/H10*I5) -> 1503.2545
A40: =A39+1 -> 2 | B40: Adicional Periculosidade 30% (Ver súmulas 364, 132 e 191 do TST) | H40: =I40/$I$47 -> 0 | I40: =IF(I9=30%,I39*I9,0) -> 0
A41: =A40+1 -> 3 | B41: Adicional Insalubridade 10% (Ver súmula 228 e 139 TST) | H41: =I41/$I$47 -> 0 | I41: =IF(I7=10%,I26*I7,0) -> 0
A42: =A41+1 -> 4 | B42: Adicional Insalubridade 20% (Ver súmula 228 e 139 TST) | H42: =I42/$I$47 -> 0 | I42: =IF(I7=20%,I26*I7,0) -> 0
A43: =A42+1 -> 5 | B43: Adicional Insalubridade 40% (Ver súmula 228 e 139 TST) | H43: =I43/$I$47 -> 0.28571429 | I43: =IF(I7=40%,I26*I7,0) -> 601.30182
A44: =A43+1 -> 6 | B44: Adicional de Supervisor (IN 05/2017 MPOG SLTI) | H44: =I44/$I$47 -> 0 | I44: =IF(I25="Não aplicável",0,I39*I25) -> 0
A45: =A44+1 -> 7 | B45: Feriados | H45: =I45/$I$47 -> 0 | I45: =IF(I27="Não aplicável",0,(I39+I40+I41+I42+I43+I44)/I5*I27*(1+I28)) -> 0
A46: =A45+1 -> 8 | B46: DSR = número total das horas extras do mês / número de dias úteis X domingos e feriados do mês X valor da hora extra com acréscimo | H46: =I46/$I$47 -> 0 | I46: =IF(I27="Não aplicável",0,I27/I13*5*(I10/H10*(1+I28))) -> 0
A47: Total de Remuneração | H47: =SUM(H39:H46) -> 1 | I47: =SUM(I39:I46) -> 2104.5564
A58: II | B58: Encargos Sociais - Grupo II: Obrigações Sociais | H58: % | I58: Valor Mensal/unidade de serviço (R$)
A59: 1 | B59: INSS (art. 22, inc. I, Lei nº 8.212/91) | H59: 0.2 | I59: =$I$47*H59 -> 420.91127
A60: 2 | B60: SESI ou SESC (art. 30, Lei nº 8.036/90) | H60: 0.015 | I60: =$I$47*H60 -> 31.568345
A61: 3 | B61: SENAI ou SENAC (Decreto-Lei nº 2.318/86) | H61: 0.01 | I61: =$I$47*H61 -> 21.045564
A62: 4 | B62: INCRA (art. 15I, Lei Complementar nº 011/71) | H62: 0.002 | I62: =$I$47*H62 -> 4.2091127
A63: 5 | B63: SALÁRIO EDUCAÇÃO (art. , inc. I, Decreto nº 87.043/82) | H63: 0.025 | I63: =$I$47*H63 -> 52.613909
A64: 6 | B64: FGTS (art. 15, Lei nº 8.036/90) | H64: 0.08 | I64: =$I$47*H64 -> 168.36451
A65: 7 | B65: SEG. ACIDENTE DO TRABALHO 1%, 2% e 3% (art. 22, inc. II, alíneas "b" e "c", da Lei nº 8.212/91) | H65: 0.03 | I65: =$I$47*H65 -> 63.136691
A66: 8 | B66: SEBRAE (§ 3º, art. 8º, Lei nº 8.029/90) | H66: 0.006 | I66: =$I$47*H66 -> 12.627338
A67: Total do Grupo II | H67: =SUM(H59:H66) -> 0.368 | I67: =SUM(I59:I66) -> 774.47674
A68: Os percentuais para o SAT podem variar de 0,50% a 6,00% em função do Fator de Acidente Previdenciário (FAP), Decreto nº 6.957/2009
A69: Deverá obrigatoriamente acompanhar a proposta de preços e a planilha de custos e formação de preços a prova do Fator Acidentário de Prevenção – FAP por meio de impressão de consulta ao site do Ministério da Previdência Social (que pode ser obtido no endereço eletrônico http://www2.dataprev.gov.br/fap/fap.htm), independentemente de alteração da alíquota da parcela do Seguro Acidente de Trabalho disposta no Quadro II da referida planilha.
A70: III | B70: Encargos Sociais - Grupo III: Tempo Não Trabalhado | H70: % | I70: Valor Mensal/unidade de serviço (R$)
A71: 1 | B71: FÉRIAS GOZADAS + ADICIONAL DE FÉRIAS | H71: 0.119314 | I71: =$I$47*H71 -> 251.10304
A72: 2 | B72: FALTAS ABONADAS (3) | H72: 0.020479 | I72: =$I$47*H72 -> 43.09921
A73: 3 | B73: FALTAS LEGAIS (4) | H73: 0.012123 | I73: =$I$47*H73 -> 25.513537
A74: 4 | B74: LICENÇA MATERNIDADE | H74: 0.011436 | I74: =$I$47*H74 -> 24.067707
A75: 5 | B75: LICENÇA PATERNIDADE | H75: 0.000174 | I75: =$I$47*H75 -> 0.36619281
A76: 6 | B76: ACIDENTE DE TRABALHO | H76: 0.000442 | I76: =$I$47*H76 -> 0.93021391
A77: 7 | B77: AVISO PRÉVIO TRABALHADO | H77: 0.000185 | I77: =$I$47*H77 -> 0.38934293
A78: 8 | B78: 13º SALÁRIO | H78: 0.09079 | I78: =$I$47*H78 -> 191.07267
A79: Total do Grupo III | H79: =SUM(H71:H78) -> 0.254943 | I79: =SUM(I71:I78) -> 536.54191
A80: (3) | B80: Faltas Justificadas por Auxílio Doença
A81: (4) | B81: Faltas Legais - Art. 473 CLT
A82: IV | B82: Encargos Sociais - Grupo IV: Indenizações | H82: % | I82: Valor Mensal/unidade de serviço (R$)
A83: 1 | B83: INDENIZAÇÕES | H83: 0.048321 | I83: =$I$47*H83 -> 101.69427
A84: 2 | B84: FGTS SOBRE INDENIZAÇÕES | H84: 0.003511 | I84: =$I$47*H84 -> 7.3890974
A85: 3 | B85: INDENIZAÇÃO COMPENSATÓRIA POR DEMISSÃO SEM JUSTA CAUSA | H85: 0.019328 | I85: =$I$47*H85 -> 40.676865
A86: Total do Grupo IV | H86: =SUM(H83:H85) -> 0.07116 | I86: =SUM(I83:I85) -> 149.76023
A88: V | B88: Encargos Sociais - Grupo V: Incidências | H88: % | I88: Valor Mensal/unidade de serviço (R$)
A89: 1 | B89: INCIDÊNCIA GRUPO II (Obrigações Sociais) X GRUPO III (Tempo Não Trabalhado) | H89: =(H67*H79) -> 0.093819024 | I89: =$I$47*H89 -> 197.44742
A90: Total do Grupo V | H90: =SUM(H89:H89) -> 0.093819024 | I90: =I89 -> 197.44742
A92: TOTAL DOS ENCARGOS SOCIAIS (II + III + IV + V) | H92: =H67+H79+H86+H90 -> 0.78792202 | I92: =I67+I79+I86+I90 -> 1658.2263
A94: VI | B94: Demais custos relativos à Norma Coletiva ou Disposições Legais - Grupo VI | H94: % | I94: Valor Mensal/unidade de serviço (R$)
A95: 1 | B95: Auxílio Alimentação | H95: =I95/$I$47 -> 0.21523985 | I95: =I113 -> 452.9844
A96: =A95+1 -> 2 | B96: Auxílio Lanche | H96: =I96/$I$47 -> 0 | I96: =I109 -> 0
A97: =A96+1 -> 3 | B97: Plano de Saúde | H97: =I97/$I$47 -> 0 | I97: 0
A98: =A97+1 -> 4 | B98: Vale-Transporte⁽⁵⁾ | H98: =I98/$I$47 -> 0.057496549 | I98: =I105 -> 121.00473
A99: =A98+1 -> 5 | B99: Adicional Intervalar | H99: =I99/$I$47 -> 0 | I99: =IF(I29="Não aplicável",0,((I10/H10)*1.5*I29)) -> 0
A100: =A99+1 -> 6 | B100: Outros | H100: =I100/$I$47 -> 0.011451345 | I100: =IF(I21="Não aplicável",0,I21) -> 24.1
A101: Total do Grupo VI | H101: =SUM(H95:H100) -> 0.28418775 | I101: =SUM(I95:I100) -> 598.08913
A102: (5) | B102: O valor do vale-transporte pode variar de acordo com o modal fornecido pelo empregador.
A103: MEMÓRIA DE CÁLCULO DO VALE TRANSPORTE
A104: Valor Unitário | C104: Dias de Trabalho | D104: Vale p/dia | E104: Custo total | F104: Base de cálculo | G104: Percentual de desconto | H104: Valor desconto | I104: Custo efetivo
A105: =IF(I12="Não aplicável",0,I12) -> 4.8 | C105: =IF(I13="Não aplicável",0,I13) -> 22 | D105: 2 | E105: =A105*C105*D105 -> 211.2 | F105: =I39 -> 1503.2545 | G105: =IF(I14="Não aplicável",0,I14) -> 0.06 | H105: =F105*G105 -> 90.195273 | I105: =IF((E105-H105)>0,E105-H105,0) -> 121.00473
A107: MEMÓRIA DE CÁLCULO DO VALE LANCHE
A108: Valor Unitário | C108: Dias por mês | D108: Vale p/dia | E108: Custo total | F108: Base de cálculo | G108: Percentual de desconto | H108: Valor desconto | I108: Custo efetivo
A109: =IF(I18="Não aplicável",0,I18) -> 0 | C109: =IF(I19="Não aplicável",0,I19) -> 0 | D109: 1 | E109: =A109*C109*D109 -> 0 | F109: =E109 -> 0 | G109: =IF(I20="Não aplicável",0,I20) -> 0 | H109: =F109*G109 -> 0 | I109: =E109-H109 -> 0
A111: MEMÓRIA DE CÁLCULO DO | F111: =A15 -> Auxílio Alimentação
A112: Valor Unitário | C112: Dias por mês | D112: Vale p/dia | E112: Custo total | F112: Base de cálculo | G112: Percentual de desconto | H112: =H104 -> Valor desconto | I112: Custo efetivo
A113: =IF(I15="Não aplicável",0,I15) -> 25.42 | C113: =IF(I16="Não aplicável",0,I16) -> 22 | D113: 1 | E113: =A113*C113*D113 -> 559.24 | F113: =E113 -> 559.24 | G113: =IF(I17="Não aplicável",0,I17) -> 0.19 | H113: =F113*G113 -> 106.2556 | I113: =E113-H113 -> 452.9844
A115: TOTAL DO MONTANTE A (I + II + III+ IV + V +VI) | H115: =H47+H92+H101 -> 2.0721098 | I115: =I47+I92+I101 -> 4360.8718
A117: MONTANTE B
A118: I | B118: Despesas Diretas | H118: % | I118: Valor Mensal/unidade de serviço (R$)
A119: 1 | B119: Transporte (6) | H119: =I119/$I$130 -> 0 | I119: 0
A120: 2 | B120: Uniformes/EPI (6a) | H120: =I120/$I$130 -> 0 | I120: =IF(F128=10%,G128,0) -> 0
A121: 3 | B121: Seguro de vida | H121: =I121/$I$130 -> 0 | I121: 0
A122: 4 | B122: Materiais/Equipamentos | H122: =I122/$I$130 -> 0 | I122: 0
A123: 5 | B123: Mobilização (7) | H123: =I123/$I$130 -> 0 | I123: 0
A124: 6 | B124: Outros (especificar) | H124: =I124/$I$130 -> 0 | I124: 0
A125: Total de Despesas Diretas | H125: =H119+H120+H121+H122+H123+H124 -> 0 | I125: =SUM(I119:I124) -> 0
B126: (6) Somente será preenchido quando o licitante fornecer transporte próprio, pagamento de combustível ou quando for necessário outro modal para transporte do funcionário (6a) EPI - Equipamento de Proteção Individual (7) Tais custos de mobilização não são renováveis, devendo ser eliminados após o primeiro ano de contrato caso haja prorrogação
...

Sheet Resumo
A1: Função | B1: Local | C1: Cidade | D1: Carga Horária | E1: Dias da semana | F1: Nº de Postos | G1: Valor unitário de retenção para a conta vinculada | H1: Valor total de retenção para a conta vinculada | I1: Valor unitário mensal do posto | J1: Valor total mensal
A2: Limpeza | B2: NAR CENTRO | C2: Porto Alegre | D2: 40 | E2: seg-sex (SEM FERIADO) | F2: 1 | G2: ='Limpeza POA SEM FERIADO'!I189 -> 810.30099 | H2: =G2*F2 -> 810.30099 | I2: ='Limpeza POA SEM FERIADO'!I192 -> 4951.4695 | J2: =F2*I2 -> 4951.4695
A3: Limpeza | B3: SEDE GERAL E SEDE APOIO | C3: Porto Alegre | D3: 40 | E3: seg-sex (SEM FERIADO) | F3: 3 | G3: ='Limpeza POA SEM FERIADO'!I189 -> 810.30099 | H3: =G3*F3 -> 2430.903 | I3: ='Limpeza POA SEM FERIADO'!I192 -> 4951.4695 | J3: =F3*I3 -> 14854.408
A4: Limpeza | B4: NAR BELEM NOVO | C4: Porto Alegre | D4: 40 | E4: seg-sex (COM FERIADO) | F4: 4 | G4: ='Limpeza Poa seg-sex COM FERIADO'!I189 -> 885.64846 | H4: =G4*F4 -> 3542.5938 | I4: ='Limpeza Poa seg-sex COM FERIADO'!I192 -> 5347.9453 | J4: =F4*I4 -> 21391.781
A5: Limpeza | B5: NAR CENTRO | C5: Porto Alegre | D5: 40 | E5: seg-sex (COM FERIADO) | F5: 3 | G5: ='Limpeza Poa seg-sex COM FERIADO'!I189 -> 885.64846 | H5: =G5*F5 -> 2656.9454 | I5: ='Limpeza Poa seg-sex COM FERIADO'!I192 -> 5347.9453 | J5: =F5*I5 -> 16043.836
A6: Limpeza | B6: NAR MENINO DEUS | C6: Porto Alegre | D6: 40 | E6: seg-sex (COM FERIADO) | F6: 2 | G6: ='Limpeza Poa seg-sex COM FERIADO'!I189 -> 885.64846 | H6: =G6*F6 -> 1771.2969 | I6: ='Limpeza Poa seg-sex COM FERIADO'!I192 -> 5347.9453 | J6: =F6*I6 -> 10695.891
A7: Limpeza | B7: NAR LESTE | C7: Porto Alegre | D7: 40 | E7: seg-sex (COM FERIADO) | F7: 4 | G7: ='Limpeza Poa seg-sex COM FERIADO'!I189 -> 885.64846 | H7: =G7*F7 -> 3542.5938 | I7: ='Limpeza Poa seg-sex COM FERIADO'!I192 -> 5347.9453 | J7: =F7*I7 -> 21391.781
A8: Limpeza | B8: NAR IPANEMA | C8: Porto Alegre | D8: 40 | E8: seg-sex (SEM FERIADO) | F8: 1 | G8: ='Limpeza POA SEM FERIADO'!I189 -> 810.30099 | H8: =G8*F8 -> 810.30099 | I8: ='Limpeza POA SEM FERIADO'!I192 -> 4951.4695 | J8: =F8*I8 -> 4951.4695
A9: Limpeza | B9: NAP TAQUARI | C9: Taquari | D9: 40 | E9: seg-sex (SEM FERIADO) | F9: 1 | G9: ='Taquari seg-sex SEM FERIADO'!I189 -> 810.30099 | H9: =G9*F9 -> 810.30099 | I9: ='Taquari seg-sex SEM FERIADO'!I192 -> 4913.6584 | J9: =F9*I9 -> 4913.6584
A10: Limpeza | B10: NAP TAQUARI | C10: Taquari | D10: 40 | E10: seg-sex (COM FERIADO) | F10: 1 | G10: ='Taquari seg-sex COM FERIADO'!I189 -> 885.64846 | H10: =G10*F10 -> 885.64846 | I10: ='Taquari seg-sex COM FERIADO'!I192 -> 5307.9005 | J10: =F10*I10 -> 5307.9005
A11: Limpeza | B11: NAR NORTE | C11: Porto Alegre | D11: 40 | E11: seg-sex (COM FERIADO) | F11: 2 | G11: ='Limpeza Poa seg-sex COM FERIADO'!I189 -> 885.64846 | H11: =G11*F11 -> 1771.2969 | I11: ='Limpeza Poa seg-sex COM FERIADO'!I192 -> 5347.9453 | J11: =F11*I11 -> 10695.891
A13: VALOR MENSAL PARA RETENÇÃO EM CONTA VINCULADA | G13: =SUM(H2:H11) -> 19032.181 | H13: PORCENTAGEM CORRESPONDENTE EM RELAÇÃO AO VALOR TOTAL PARA RETENÇÃO EM CONTA VINCULADA | J13: =G13/J15 -> 0.16521265
A15: TOTAL DE POSTOS | F15: =SUM(F2:F11) -> 22 | G15: VALOR GLOBAL MENSAL | J15: =SUM(J2:J11) -> 115198.09
